[Event "DVM U12 2024"]
[Site "Heidelberg"]
[Date "2024.12.28"]
[Round "3"]
[White "Heidtkamp, Anna"]
[Black "Tryk, Paul-Luca"]
[Result "1-0"]
[ECO "C00"]
[WhiteElo "1663"]
[BlackElo "1777"]
[Annotator "NA RC"]
[PlyCount "141"]
[EventDate "2024.12.23"]
[EventType "team-tourn"]
[EventRounds "7"]
[EventCountry "GER"]
[SourceTitle "playchess.com"]
[Source "ChessBase"]
[SourceQuality "1"]
[TimeControl "40/5400+30:1800+30"]

1. e4 e6 2. d3 d5 3. Nd2 c5 4. Ngf3 Nf6 5. g3 Nc6 6. Bg2 Be7 7. O-O O-O 8. Re1 a6 9. b3 d4 10. e5 Nd7 11. Nf1 f6 12. exf6 Nxf6 13. h4 Nd5 14. Bb2 Bf6 15. N1h2 e5 16. Qd2 Be6 17. c3 Qd7 18. c4 Nde7 19. Ng5 Bxg5 20. Qxg5 h6 21. Qd2 Bh3 22. Qe2 Bxg2 23. Kxg2 Rae8 24. Ba3 b6 25. Nf3 Nc8 26. Qe4 Re7 27. Qd5+ Qxd5 28. cxd5 Ref7 29. dxc6 Rxf3 30. Re2 Rxd3 31. Rae1 Rdf3 32. Rd2 R3f6 33. c7 R6f7 34. Rxe5 Rxc7 35. b4 cxb4 36. Bxb4 Rd8 37. Rd3 Rc2 38. a3 a5 39. Be1 Kf7 40. Re4 Rc4 41. Bd2 Na7 42. Re5 Kf6 43. f4 a4 44. Bb4 Rd7 45. h5 Nc6 46. Rb5 Nxb4 47. axb4 Rc3 48. Rxb6+ Kf7 49. Rxc3 dxc3 50. Rc6 Rd2+ 51. Kf3 a3 52. Rxc3 a2 53. Rc7+ Ke6 54. Ra7 Kd5 55. Ke3 Rg2 56. Kf3 Rb2 57. Kg4 Kc4 58. b5 Kxb5 59. Kf5 Kb4 60. g4 Kb3 61. Kg6 Rg2 62. g5 hxg5 63. fxg5 Rg1 64. Ra6 a1=Q 65. Rxa1 Rxa1 66. Kxg7 Ra7+ 67. Kh6 Kc4 68. g6 Kd5 69. g7 Ra6+ 70. Kh7 Ra7 71. Kh8 1-0

[Event "DVM U12 2024"]
[Site "Heidelberg"]
[Date "2024.12.28"]
[Round "3"]
[White "Hendler, Maximilian"]
[Black "Atar, Semih Akif"]
[Result "1/2-1/2"]
[ECO "C10"]
[WhiteElo "1644"]
[BlackElo "1624"]
[Annotator "NA RC"]
[PlyCount "100"]
[EventDate "2024.12.23"]
[EventType "team-tourn"]
[EventRounds "7"]
[EventCountry "GER"]
[SourceTitle "playchess.com"]
[Source "ChessBase"]
[SourceQuality "1"]
[TimeControl "40/5400+30:1800+30"]

1. e4 e6 2. d4 d5 3. Nd2 dxe4 4. Nxe4 Nd7 5. Nf3 Ngf6 6. Nxf6+ Nxf6 7. Bb5+ c6 8. Bd3 Bd6 9. Bg5 h6 10. Bd2 b6 11. Ne5 Qc7 12. O-O Bb7 13. Qe2 h5 14. h3 Nd7 15. Bf4 h4 16. Qg4 Nxe5 17. dxe5 Bxe5 18. Bxe5 Qxe5 19. b3 c5 20. Rfe1 Qf6 21. Bc4 Ke7 22. Rad1 a6 23. Rd3 Rad8 24. Bxe6 Rxd3 25. Bc4+ Re3 26. Rxe3+ Kd8 27. Rd3+ Kc7 28. Rd7+ Kb8 29. Rxf7 Qa1+ 30. Kh2 Qe5+ 31. f4 Qe4 32. Qxg7 Rh7 33. Qg8+ Ka7 34. Rxh7 Qxf4+ 35. Kg1 Qe3+ 36. Kf1 Qc1+ 37. Ke2 Qxc2+ 38. Ke3 Qe4+ 39. Kd2 Qd4+ 40. Ke1 Qe3+ 41. Kd1 Qd4+ 42. Ke1 Qe3+ 43. Kf1 Qf4+ 44. Kg1 Qe3+ 45. Kf1 Qf4+ 46. Ke2 Qe4+ 47. Kf2 Qf4+ 48. Kg1 Qe3+ 49. Kh2 Qf4+ 50. g3 Qf5 1/2-1/2

[Event "DVM U12 2024"]
[Site "Heidelberg"]
[Date "2024.12.28"]
[Round "3"]
[White "Classen, Marnin"]
[Black "Fadeev, Justin Michael"]
[Result "0-1"]
[ECO "B25"]
[WhiteElo "1632"]
[BlackElo "1894"]
[Annotator "NA RC"]
[PlyCount "132"]
[EventDate "2024.12.23"]
[EventType "team-tourn"]
[EventRounds "7"]
[EventCountry "GER"]
[SourceTitle "playchess.com"]
[Source "ChessBase"]
[SourceQuality "1"]
[TimeControl "40/5400+30:1800+30"]

1. e4 c5 2. Nc3 Nc6 3. f4 g6 4. g3 Bg7 5. Bg2 d6 6. Nf3 e6 7. O-O Nge7 8. d3 O-O 9. Bd2 a6 10. a3 b5 11. Rb1 Bb7 12. Be1 Rc8 13. Bf2 Qc7 14. Qd2 Nd4 15. Rfc1 Nec6 16. Ne2 Rfd8 17. Nexd4 Nxd4 18. Nxd4 cxd4 19. Qb4 Qd7 20. Qd2 Rc7 21. Re1 Rdc8 22. Rbc1 Qc6 23. Kh1 Qb6 24. Bg1 a5 25. Re2 b4 26. axb4 axb4 27. b3 Rc3 28. Qd1 Qc5 29. Rd2 Rxb3 30. Rb1 Rxb1 31. Qxb1 Bc6 32. Bf3 Qc3 33. Rf2 Ra8 34. Rf1 Ra3 35. Bf2 b3 36. Be1 Qxc2 37. Qxc2 bxc2 38. Bb4 Rb3 39. Bd2 Rxd3 40. Bc1 Rxf3 41. Rxf3 Bxe4 42. Kg2 d3 43. Kf2 Bxf3 44. Kxf3 d2 45. Bxd2 Bb2 46. Ke3 c1=Q 47. Bxc1 Bxc1+ 48. Kd4 Kg7 49. h3 Kf6 50. Ke4 d5+ 51. Kd4 Kf5 52. Kd3 Bxf4 53. gxf4 Kxf4 54. Ke2 Kg3 55. Ke3 Kxh3 56. Kf3 g5 57. Kf2 d4 58. Ke2 g4 59. Kf2 g3+ 60. Kg1 d3 61. Kf1 d2 62. Ke2 g2 63. Kf2 d1=Q 64. Ke3 g1=Q+ 65. Kf4 Qdd4+ 66. Kf3 Qgf2# 0-1

[Event "DVM U12 2024"]
[Site "Heidelberg"]
[Date "2024.12.28"]
[Round "3"]
[White "Rudolph, Simon"]
[Black "Sriram, Aumkar"]
[Result "1/2-1/2"]
[ECO "A90"]
[WhiteElo "1614"]
[BlackElo "1610"]
[Annotator "NA"]
[PlyCount "88"]
[EventDate "2024.12.23"]
[EventType "team-tourn"]
[EventRounds "7"]
[EventCountry "GER"]
[SourceTitle "playchess.com"]
[Source "ChessBase"]
[SourceQuality "1"]
[TimeControl "40/5400+30:1800+30"]

1. d4 e6 2. c4 f5 3. g3 Nf6 4. Nc3 c6 5. Bg2 d5 6. Nf3 Bd6 7. O-O O-O 8. a3 Bd7 9. c5 Bc7 10. b4 a5 11. Bd2 axb4 12. axb4 Rxa1 13. Qxa1 Na6 14. Rb1 Ne4 15. Nxe4 fxe4 16. Bg5 Qe8 17. Ne5 Bxe5 18. dxe5 Qh5 19. Be3 Qxe2 20. Qd4 Qh5 21. Bxe4 Nc7 22. Bg2 Nb5 23. Qd2 Qxe5 24. Re1 Qc3 25. Qxc3 Nxc3 26. Bd2 Nb5 27. f4 h6 28. Bh3 Nd4 29. Kf2 h5 30. Bc3 Nb5 31. Bb2 g5 32. Bxe6+ Bxe6 33. Rxe6 gxf4 34. Re7 fxg3+ 35. Kxg3 Rf7 36. Re8+ Kh7 37. Kh4 Kg6 38. Bc1 Rf1 39. Bg5 Rb1 40. Re6+ Kf5 41. Rf6+ Ke5 42. Kxh5 Rxb4 43. h4 d4 44. Kg6 Nc3 1/2-1/2

[Event "DVM U12 2024"]
[Site "Heidelberg"]
[Date "2024.12.28"]
[Round "3"]
[White "Pflugbeil, Julian"]
[Black "Menke, Raphael Wilhelm"]
[Result "0-1"]
[ECO "C11"]
[WhiteElo "1586"]
[BlackElo "1742"]
[Annotator "NA COMBH"]
[PlyCount "82"]
[EventDate "2024.12.23"]
[EventType "team-tourn"]
[EventRounds "7"]
[EventCountry "GER"]
[SourceTitle "playchess.com"]
[Source "ChessBase"]
[SourceQuality "1"]
[TimeControl "40/5400+30:1800+30"]

1. d4 Nf6 2. Nc3 e6 3. e4 d5 4. e5 Nfd7 5. Nce2 c5 6. c3 Nc6 7. f4 Be7 8. Nf3 O-O 9. g3 b5 10. Bg2 Nb6 11. O-O c4 12. a3 Na5 13. Be3 Nb3 14. Rb1 a5 15. Nc1 a4 16. Qc2 Bd7 17. h4 Be8 18. Ng5 Bxg5 19. fxg5 f5 20. gxf6 Bg6 21. Qf2 Bxb1 22. f7+ Kh8 23. Bg5 Qd7 24. Nxb3 cxb3 25. Rxb1 Qxf7 26. Bf4 Nc4 27. Qe2 Rae8 28. Rf1 Qg6 29. Kh2 Qc2 30. Qh5 Nxb2 31. Be3 Qg6 32. Qe2 Rxf1 33. Qxf1 Nc4 34. Bc1 Qf5 35. Qe2 Rf8 36. Kg1 Qb1 37. Kh2 Qxc1 38. Qg4 b2 39. Qxe6 b1=Q 40. Qe7 Qg1+ 41. Kh3 Qf5+ 0-1

[Event "DVM U12 2024"]
[Site "Heidelberg"]
[Date "2024.12.28"]
[Round "3"]
[White "Liu, Kairui"]
[Black "Balthasar, Johann"]
[Result "0-1"]
[ECO "B72"]
[WhiteElo "1559"]
[BlackElo "1317"]
[Annotator "NA"]
[PlyCount "64"]
[EventDate "2024.12.23"]
[EventType "team-tourn"]
[EventRounds "7"]
[EventCountry "GER"]
[SourceTitle "playchess.com"]
[Source "ChessBase"]
[SourceQuality "1"]
[TimeControl "40/5400+30:1800+30"]

1. e4 c5 2. Nf3 d6 3. d4 cxd4 4. Nxd4 Nf6 5. Nc3 g6 6. h3 Bg7 7. Be3 O-O 8. Qd2 Nc6 9. Nb3 Bd7 10. O-O-O a5 11. a3 Rb8 12. Kb1 b6 13. Be2 Qc7 14. g4 Na7 15. Ka2 Be6 16. g5 Nd7 17. Nd5 Bxd5 18. exd5 Rfc8 19. Rc1 Nc5 20. Nxc5 bxc5 21. c3 Rb6 22. h4 Rcb8 23. Rb1 Qb7 24. h5 Nb5 25. Bxb5 Rxb5 26. f4 Rb3 27. hxg6 fxg6 28. Qc1 Qxd5 29. c4 Qg2 30. Qd2 Rxb2+ 31. Rxb2 Rxb2+ 32. Qxb2 Qxb2# 0-1

[Event "DVM U12 2024"]
[Site "Heidelberg"]
[Date "2024.12.28"]
[Round "3"]
[White "Tuktamyshev, Timur"]
[Black "Zhao, Yunsheng"]
[Result "0-1"]
[ECO "C58"]
[WhiteElo "1531"]
[BlackElo "1630"]
[Annotator "NA"]
[PlyCount "130"]
[EventDate "2024.12.23"]
[EventType "team-tourn"]
[EventRounds "7"]
[EventCountry "GER"]
[SourceTitle "playchess.com"]
[Source "ChessBase"]
[SourceQuality "1"]
[TimeControl "40/5400+30:1800+30"]

1. e4 e5 2. Nf3 Nc6 3. Bc4 Nf6 4. Ng5 d5 5. exd5 Na5 6. Bb5+ Bd7 7. Qe2 Be7 8. Bxd7+ Qxd7 9. Nc3 Nxd5 10. Qxe5 O-O-O 11. Nxf7 Bf6 12. Qxd5 Rhe8+ 13. Kd1 Qxd5 14. Nxd5 Rxd5 15. f4 Nc4 16. Ne5 Ne3+ 17. Ke2 Nxc2 18. Rb1 Bxe5 19. fxe5 Rexe5+ 20. Kf2 Nb4 21. Rd1 Rf5+ 22. Kg3 Rd6 23. h4 Rg6+ 24. Kh3 Nd3 25. Rg1 Nf4+ 26. Kh2 Ne2 27. g4 Rf2+ 28. Rg2 Rxg2+ 29. Kxg2 Nxc1 30. Rxc1 Rxg4+ 31. Kh3 Rd4 32. Rg1 g6 33. Rg2 Kd7 34. Re2 Kd6 35. Kg3 c6 36. Rh2 h6 37. Kf3 Kc5 38. Ke3 Rg4 39. d3 Kd5 40. h5 g5 41. Rf2 Rg3+ 42. Rf3 Rxf3+ 43. Kxf3 Kd4 44. Ke2 c5 45. a3 b5 46. Kd2 g4 47. b4 c4 48. dxc4 Kxc4 49. Ke3 Kb3 50. Kf4 g3 51. Kxg3 Kxa3 52. Kf4 Kxb4 53. Kf5 a5 54. Kg6 a4 55. Kxh6 a3 56. Kg6 a2 57. h6 a1=Q 58. h7 Qh8 59. Kh6 Kc5 60. Kg6 b4 61. Kh6 b3 62. Kg6 b2 63. Kh6 b1=Q 64. Kg5 Qhxh7 65. Kf6 Qbf5# 0-1

[Event "DVM U12 2024"]
[Site "Heidelberg"]
[Date "2024.12.28"]
[Round "3"]
[White "Cetinalp, Poyraz"]
[Black "Lu, Alexander"]
[Result "1/2-1/2"]
[ECO "B12"]
[WhiteElo "1530"]
[BlackElo "1571"]
[Annotator "NA RC"]
[PlyCount "183"]
[EventDate "2024.12.23"]
[EventType "team-tourn"]
[EventRounds "7"]
[EventCountry "GER"]
[SourceTitle "playchess.com"]
[Source "ChessBase"]
[SourceQuality "1"]
[TimeControl "40/5400+30:1800+30"]

1. e4 c6 2. d4 d5 3. e5 c5 4. dxc5 Nc6 5. Nf3 Bg4 6. Bb5 e6 7. h3 Bxf3 8. Qxf3 Bxc5 9. Qc3 Qb6 10. Bxc6+ bxc6 11. Qg3 Ne7 12. O-O Kd7 13. Nc3 Bd4 14. Rb1 Ng6 15. Re1 Raf8 16. Be3 Bxe3 17. Rxe3 f5 18. f4 Qd4 19. Rf1 Rb8 20. b3 Kc7 21. Kh2 Qb4 22. Rd3 Qc5 23. Qf2 Qxf2 24. Rxf2 h5 25. g3 h4 26. g4 fxg4 27. hxg4 Rb4 28. Rdf3 Kd7 29. a3 Rd4 30. Kh3 Rf8 31. f5 exf5 32. Rxf5 Rxf5 33. Rxf5 Rf4 34. Rxf4 Nxf4+ 35. Kxh4 Ng6+ 36. Kg5 Nxe5 37. Ne2 Nf3+ 38. Kg6 Ne5+ 39. Kxg7 Nxg4 40. Kf7 Ne3 41. c3 Nc2 42. a4 c5 43. Kf6 Kd6 44. Kf5 a5 45. Kf4 Na1 46. Nc1 Ke6 47. Ke3 Nc2+ 48. Kd2 Na1 49. Kd3 Ke5 50. Kd2 Ke6 51. Kd3 Ke5 52. Kd2 Ke4 53. b4 d4 54. bxa5 Kd5 55. cxd4 cxd4 56. Kd3 Kc5 57. Kd2 Kc6 58. Kd3 Kc5 59. Ke4 Nc2 60. Nb3+ Kc6 61. Nxd4+ Nxd4 62. Kxd4 Kb7 63. Kc5 Ka6 64. Kb4 Ka7 65. Kb5 Ka8 66. Kb6 Kb8 67. a6 Ka8 68. a5 Kb8 69. Kc6 Ka7 70. Kb5 Ka8 71. Kb6 Kb8 72. Kc6 Ka7 73. Kb5 Ka8 74. a7 Kxa7 75. Kc5 Ka6 76. Kb4 Ka7 77. Ka4 Ka6 78. Kb4 Ka7 79. Ka4 Ka6 80. Kb4 Ka7 81. Kb5 Kb7 82. a6+ Ka8 83. Ka5 Ka7 84. Kb5 Ka8 85. Kb6 Kb8 86. Kc6 Ka7 87. Kb5 Ka8 88. Kc6 Ka7 89. Kb5 Ka8 90. Kb6 Kb8 91. a7+ Ka8 92. Ka6 1/2-1/2

[Event "DVM U12 2024"]
[Site "Heidelberg"]
[Date "2024.12.28"]
[Round "3"]
[White "Satti, Shahroz"]
[Black "Liu, Zichen"]
[Result "1-0"]
[ECO "A46"]
[WhiteElo "1525"]
[BlackElo "1563"]
[Annotator "NA"]
[PlyCount "121"]
[EventDate "2024.12.23"]
[EventType "team-tourn"]
[EventRounds "7"]
[EventCountry "GER"]
[SourceTitle "playchess.com"]
[Source "ChessBase"]
[SourceQuality "1"]
[TimeControl "40/5400+30:1800+30"]

1. d4 Nf6 2. Nf3 e6 3. g3 b5 4. Bg2 Bb7 5. O-O Be7 6. Nbd2 O-O 7. c4 bxc4 8. Nxc4 Nc6 9. b3 Ba6 10. Nfe5 Bb7 11. Bb2 d5 12. Nxc6 Bxc6 13. Ne5 Bb5 14. a4 Ba6 15. Nc6 Qd7 16. Nxe7+ Qxe7 17. Ba3 Qd7 18. Bxf8 Rxf8 19. Re1 Rd8 20. Rc1 Qd6 21. Qc2 Rc8 22. Qc6 Qxc6 23. Rxc6 Bb7 24. Rc3 Kf8 25. Rec1 Ne8 26. Bf1 Ba6 27. Rc5 Bb7 28. e3 a6 29. b4 Ke7 30. b5 a5 31. b6 c6 32. Rxa5 Ra8 33. Rxa8 Bxa8 34. Ba6 Nd6 35. Rb1 Bb7 36. Bxb7 Nxb7 37. a5 Nxa5 38. b7 Nxb7 39. Rxb7+ Ke8 40. Rc7 h5 41. Kg2 g5 42. Rxc6 g4 43. Rc8+ Ke7 44. Rh8 f5 45. Rxh5 Kf6 46. Rh6+ Kf7 47. h3 Ke7 48. hxg4 fxg4 49. Rg6 Kf7 50. Rxg4 Kf6 51. Rf4+ Kg5 52. g4 Kg6 53. Kf3 Kg5 54. e4 dxe4+ 55. Rxe4 Kf6 56. g5+ Ke7 57. g6 Kd8 58. Rxe6 Kc8 59. g7 Kb8 60. Re7 Ka8 61. g8=R# 1-0

[Event "DVM U12 2024"]
[Site "Heidelberg"]
[Date "2024.12.28"]
[Round "3"]
[White "Tiuca, Emma"]
[Black "Schmidt, Jossip"]
[Result "1/2-1/2"]
[ECO "B24"]
[WhiteElo "1472"]
[BlackElo "1687"]
[Annotator "NA RC"]
[PlyCount "131"]
[EventDate "2024.12.23"]
[EventType "team-tourn"]
[EventRounds "7"]
[EventCountry "GER"]
[SourceTitle "playchess.com"]
[Source "ChessBase"]
[SourceQuality "1"]
[TimeControl "40/5400+30:1800+30"]

1. e4 c5 2. Nc3 Nc6 3. g3 g6 4. Bg2 Bg7 5. f4 e6 6. Nf3 Nge7 7. O-O O-O 8. d3 d5 9. Qe2 Re8 10. Qf2 Nd4 11. g4 Nxf3+ 12. Qxf3 d4 13. Ne2 f5 14. gxf5 gxf5 15. Ng3 Rb8 16. Nh5 Ng6 17. Bd2 Qe7 18. Rae1 Qf7 19. Qg3 Bd7 20. Bf3 b5 21. Rf2 c4 22. Rg2 Rb6 23. e5 Bc6 24. Bxc6 Rxc6 25. h4 Bh8 26. Nf6+ Bxf6 27. exf6 Kh8 28. h5 Rg8 29. hxg6 Rxg6 30. Qf3 Rxg2+ 31. Qxg2 Rc8 32. Qg7+ Qxg7+ 33. fxg7+ Kxg7 34. Rxe6 cxd3 35. cxd3 Rc2 36. Be1 Rxb2 37. Re7+ Kg6 38. Rxa7 h5 39. Ra6+ Kg7 40. Bh4 Rd2 41. Bf6+ Kh7 42. Ra7+ Kg6 43. Bxd4 Rxd3 44. Ra6+ Kh7 45. Ra7+ Kg6 46. Ra6+ Kh7 47. Bf6 Rd2 48. Rb6 Rxa2 49. Rxb5 Ra6 50. Bg5 Kg6 51. Kg2 Rc6 52. Bd8 Rc8 53. Rb6+ Kf7 54. Bg5 Kg7 55. Rh6 Rc2+ 56. Kf3 Rc3+ 57. Ke2 Rc2+ 58. Kd3 Rh2 59. Kd4 h4 60. Rxh4 Re2 61. Rh6 Re1 62. Rf6 Re4+ 63. Kd3 Rxf4 64. Bxf4 Kxf6 65. Bb8 f4 66. Bxf4 1/2-1/2

[Event "DVM U12 2024"]
[Site "Heidelberg"]
[Date "2024.12.28"]
[Round "3"]
[White "Kurakin, Martin"]
[Black "Bergmann, Rafael Antonio"]
[Result "0-1"]
[ECO "C47"]
[WhiteElo "1389"]
[BlackElo "1647"]
[Annotator "NA RC"]
[PlyCount "96"]
[EventDate "2024.12.23"]
[EventType "team-tourn"]
[EventRounds "7"]
[EventCountry "GER"]
[SourceTitle "playchess.com"]
[Source "ChessBase"]
[SourceQuality "1"]
[TimeControl "40/5400+30:1800+30"]

1. e4 e5 2. Nf3 Nc6 3. d4 exd4 4. Nxd4 Nf6 5. Nc3 Nxe4 6. Nxe4 Qe7 7. Qd3 d5 8. Nxc6 bxc6 9. f3 f5 10. Qc3 Qe6 11. Bf4 fxe4 12. O-O-O c5 13. Bb5+ c6 14. fxe4 cxb5 15. exd5 Qf6 16. Rhe1+ Kf7 17. Qf3 g5 18. Qh5+ Qg6 19. Qxg5 Qxg5 20. Bxg5 Bd6 21. g3 Bh3 22. Bf4 Bxf4+ 23. gxf4 Rhe8 24. Rg1 Rg8 25. Rge1 Rae8 26. Re5 Rxe5 27. fxe5 Rg5 28. e6+ Ke8 29. Rd3 Bf5 30. Re3 Rg2 31. Rc3 c4 32. b3 Rxh2 33. a3 h5 34. bxc4 Rxc2+ 35. Rxc2 Bxc2 36. Kxc2 bxc4 37. d6 h4 38. d7+ Ke7 39. Kc3 h3 40. Kxc4 h2 41. Kb5 h1=Q 42. a4 Qd5+ 43. Ka6 Kd8 44. e7+ Kxd7 45. a5 Kc7 46. e8=N+ Kc8 47. Nd6+ Kb8 48. Nb5 Qc6# 0-1

[Event "DVM U12 2024"]
[Site "Heidelberg"]
[Date "2024.12.28"]
[Round "3"]
[White "Buff, Hannes"]
[Black "Tomovski, Leon"]
[Result "0-1"]
[ECO "C01"]
[WhiteElo "1370"]
[BlackElo "1569"]
[Annotator "NA"]
[PlyCount "72"]
[EventDate "2024.12.23"]
[EventType "team-tourn"]
[EventRounds "7"]
[EventCountry "GER"]
[SourceTitle "playchess.com"]
[Source "ChessBase"]
[SourceQuality "1"]
[TimeControl "40/5400+30:1800+30"]

1. e4 e6 2. d4 d5 3. exd5 exd5 4. Nf3 Bd6 5. Nc3 c6 6. Bd3 Nf6 7. O-O O-O 8. Re1 Bg4 9. h3 Bh5 10. Bg5 Nbd7 11. Bh4 Qb6 12. b3 Bb4 13. Na4 Qc7 14. Re3 b5 15. Bxf6 Nxf6 16. Nc5 Bc3 17. Rb1 h6 18. Bh7+ Nxh7 19. Rxc3 Ng5 20. Qd2 Bxf3 21. Rxf3 Nxf3+ 22. gxf3 Qc8 23. Kg2 Re8 24. Rg1 Kh8 25. Nd3 Qf5 26. Kh2 Re6 27. Ne5 c5 28. c3 b4 29. cxb4 cxd4 30. f4 Rc8 31. Qxd4 Rc2 32. Nd7 f6 33. Nf8 Re4 34. Qxa7 Qxf4+ 35. Kh1 Qf3+ 36. Rg2 Qxh3+ 0-1

[Event "DVM U12 2024"]
[Site "Heidelberg"]
[Date "2024.12.28"]
[Round "3"]
[White "Midianyi, Matvii"]
[Black "Ramayanam, Nithya"]
[Result "0-1"]
[ECO "C47"]
[WhiteElo "1240"]
[BlackElo "1566"]
[Annotator "NA"]
[PlyCount "144"]
[EventDate "2024.12.23"]
[EventType "team-tourn"]
[EventRounds "7"]
[EventCountry "GER"]
[SourceTitle "playchess.com"]
[Source "ChessBase"]
[SourceQuality "1"]
[TimeControl "40/5400+30:1800+30"]

1. e4 e5 2. Nf3 Nf6 3. Nc3 Nc6 4. Be2 Bc5 5. Nxe5 Nxe5 6. d4 Bd6 7. dxe5 Bxe5 8. Bg5 Qe7 9. Qd3 Bxc3+ 10. bxc3 Qxe4 11. Bxf6 Qxd3 12. cxd3 gxf6 13. O-O O-O 14. d4 d6 15. Rab1 Rb8 16. c4 Bd7 17. Rb3 Kh8 18. Ra3 Ra8 19. f4 Rfe8 20. Bf3 c6 21. Bh5 Re4 22. Bxf7 Be8 23. Bxe8 Rexe8 24. d5 c5 25. Rb1 b6 26. f5 Re4 27. Rxb6 axb6 28. Rxa8+ Kg7 29. Ra7+ Kh6 30. Ra6 Rxc4 31. Rxb6 Rc1+ 32. Kf2 Rc2+ 33. Kf3 Rxa2 34. Rxd6 Kg5 35. Rc6 Kxf5 36. Rxc5 Ra3+ 37. Ke2 Ra2+ 38. Kd3 Rxg2 39. d6+ Ke6 40. Rh5 Rg7 41. Kc4 Kxd6 42. Rd5+ Ke6 43. Kc5 Rc7+ 44. Kd4 Rd7 45. Rxd7 Kxd7 46. Ke4 Ke6 47. h4 h5 48. Kf4 Kf7 49. Kf5 Kg7 50. Ke6 Kg6 51. Kd5 Kf5 52. Kd4 Kg4 53. Ke3 f5 54. Kf2 Kf4 55. Kg2 Kg4 56. Kh2 Kxh4 57. Kg2 Kg4 58. Kf2 h4 59. Kg2 h3+ 60. Kh2 f4 61. Kg1 Kg3 62. Kf1 f3 63. Kg1 f2+ 64. Kf1 h2 65. Ke2 h1=Q 66. Ke3 f1=Q 67. Kd4 Qe1 68. Kd3 Qg2 69. Kd4 Qgd2+ 70. Kc4 Qec1+ 71. Kb3 Qdb2+ 72. Ka4 Qca1# 0-1

[Event "DVM U12 2024"]
[Site "Heidelberg"]
[Date "2024.12.28"]
[Round "3"]
[White "Lieberknecht, Pascal"]
[Black "Hübler, Lennis"]
[Result "0-1"]
[ECO "C54"]
[WhiteElo "1212"]
[BlackElo "1261"]
[Annotator "NA"]
[PlyCount "50"]
[EventDate "2024.12.23"]
[EventType "team-tourn"]
[EventRounds "7"]
[EventCountry "GER"]
[SourceTitle "playchess.com"]
[Source "ChessBase"]
[SourceQuality "1"]
[TimeControl "40/5400+30:1800+30"]

1. e4 e5 2. Nf3 Nc6 3. Bc4 Bc5 4. O-O Nf6 5. c3 Nxe4 6. d4 exd4 7. cxd4 Be7 8. Re1 d5 9. Bb3 O-O 10. Nbd2 Nf6 11. Nf1 Bg4 12. Ne3 Bb4 13. Nxg4 Nxg4 14. Bd2 Bxd2 15. Qxd2 Nf6 16. Ne5 Re8 17. Nxc6 bxc6 18. Ba4 Rxe1+ 19. Rxe1 Qd6 20. Qc2 Qb4 21. Re2 Qxd4 22. Rd2 Re8 23. h3 Re1+ 24. Kh2 Qf4+ 25. g3 Qf3 0-1

[Event "DVM U12 2024"]
[Site "Heidelberg"]
[Date "2024.12.28"]
[Round "3"]
[White "Podousov, Andrii"]
[Black "Classen, Meara"]
[Result "1/2-1/2"]
[ECO "C01"]
[WhiteElo "1105"]
[BlackElo "1456"]
[Annotator "NA"]
[PlyCount "89"]
[EventDate "2024.12.23"]
[EventType "team-tourn"]
[EventRounds "7"]
[EventCountry "GER"]
[SourceTitle "playchess.com"]
[Source "ChessBase"]
[SourceQuality "1"]
[TimeControl "40/5400+30:1800+30"]

1. e4 e6 2. d4 d5 3. exd5 exd5 4. Bd3 Nf6 5. Nf3 Bd6 6. Bg5 O-O 7. O-O Bg4 8. h3 Bh5 9. Re1 c6 10. Nbd2 Nbd7 11. Be2 h6 12. Bh4 Be7 13. Nf1 Re8 14. Bd3 Ne4 15. Bxe7 Rxe7 16. Ng3 Bg6 17. Nd2 Ndf6 18. Ndxe4 Nxe4 19. Qf3 Nxg3 20. Qxg3 Rxe1+ 21. Rxe1 Bxd3 22. Qxd3 Qa5 23. Re7 b6 24. Qf3 Rf8 25. a3 Qa4 26. Qc3 Rc8 27. Qb4 Qxb4 28. axb4 a5 29. bxa5 bxa5 30. Ra7 Rb8 31. b3 Rb4 32. Rxa5 Rxd4 33. Ra6 c5 34. Rc6 c4 35. c3 Rd1+ 36. Kh2 cxb3 37. Rb6 Rb1 38. Kg3 b2 39. Kf3 Rc1 40. Rxb2 Rxc3+ 41. Kf4 d4 42. Rd2 d3 43. Ke3 Kh7 44. Rxd3 Rxd3+ 45. Kxd3 1/2-1/2

[Event "DVM U12 2024"]
[Site "Heidelberg"]
[Date "2024.12.28"]
[Round "3"]
[White "Birkoben, Georgi"]
[Black "Xanthopoulos, Panagiotis"]
[Result "0-1"]
[ECO "C56"]
[WhiteElo "1062"]
[BlackElo "1104"]
[Annotator "NA"]
[PlyCount "70"]
[EventDate "2024.12.23"]
[EventType "team-tourn"]
[EventRounds "7"]
[EventCountry "GER"]
[SourceTitle "playchess.com"]
[Source "ChessBase"]
[SourceQuality "1"]
[TimeControl "40/5400+30:1800+30"]

1. e4 e5 2. Nf3 Nc6 3. d4 exd4 4. Bc4 Nf6 5. O-O Bc5 6. c3 Nxe4 7. Re1 d5 8. Bb5 dxc3 9. Nxc3 Bxf2+ 10. Kh1 Bxe1 11. Qxe1 O-O 12. Bxc6 bxc6 13. Bf4 Re8 14. Nxe4 Rxe4 15. Qg3 Ba6 16. Bh6 Qf6 17. Bd2 Qxb2 18. Rc1 Rae8 19. Rxc6 Qxd2 20. h3 Qf4 21. Qxf4 Rxf4 22. Rxa6 d4 23. Ra4 c5 24. Rxa7 Rd8 25. Ra4 Rxf3 26. gxf3 d3 27. Re4 d2 28. Kh2 d1=Q 29. Kg3 Qg1+ 30. Kf4 g5+ 31. Kf5 Rd5+ 32. Re5 Qb1+ 33. Kf6 Qg6+ 34. Ke7 Qd6+ 35. Ke8 Qd7# 0-1

[Event "DVM U12 2024"]
[Site "Heidelberg"]
[Date "2024.12.28"]
[Round "3"]
[White "Meller, Nils"]
[Black "Libert, Nick"]
[Result "0-1"]
[ECO "D02"]
[WhiteElo "1024"]
[BlackElo "1548"]
[Annotator "NA"]
[PlyCount "64"]
[EventDate "2024.12.23"]
[EventType "team-tourn"]
[EventRounds "7"]
[EventCountry "GER"]
[SourceTitle "playchess.com"]
[Source "ChessBase"]
[SourceQuality "1"]
[TimeControl "40/5400+30:1800+30"]

1. d4 d5 2. Bf4 Nf6 3. e3 Bf5 4. Nf3 e6 5. Be2 c5 6. c3 Nc6 7. h3 h6 8. O-O g5 9. Be5 Nxe5 10. Nxe5 a6 11. a4 Bd6 12. Ng4 h5 13. Nxf6+ Qxf6 14. Bxh5 Qh6 15. Bg4 Bxg4 16. Qxg4 f5 17. Qe2 g4 18. f4 gxh3 19. gxh3 Qxh3 20. Qg2 Qxe3+ 21. Rf2 O-O-O 22. Kf1 Rdg8 23. Qf3 Qc1+ 24. Ke2 Qxb2+ 25. Ke3 Qxa1 26. Qd1 Rg3+ 27. Ke2 Qb2+ 28. Nd2 Qxc3 29. Rf3 Rg2+ 30. Kf1 Qxd2 31. Qxd2 Rxd2 32. Ke1 Ra2 0-1

[Event "DVM U12 2024"]
[Site "Heidelberg"]
[Date "2024.12.28"]
[Round "3"]
[White "Ünal, Malik Mehmet"]
[Black "Hübler, Leonas"]
[Result "0-1"]
[ECO "C50"]
[WhiteElo "831"]
[BlackElo "920"]
[Annotator "NA"]
[PlyCount "40"]
[EventDate "2024.12.23"]
[EventType "team-tourn"]
[EventRounds "7"]
[EventCountry "GER"]
[SourceTitle "playchess.com"]
[Source "ChessBase"]
[SourceQuality "1"]
[TimeControl "40/5400+30:1800+30"]

1. e4 e5 2. Nf3 Nc6 3. Bc4 Bc5 4. d3 Nf6 5. O-O d6 6. Nc3 Bg4 7. h3 Bh5 8. Bg5 h6 9. Bh4 Nd4 10. g4 Nxf3+ 11. Qxf3 Bg6 12. Nd5 a6 13. Nxf6+ gxf6 14. Bxf6 Qd7 15. Bxh8 O-O-O 16. Bf6 Rg8 17. h4 Bh5 18. g5 Bxf3 19. Kh2 Qg4 20. Rg1 Qxh4# 0-1